 Dungeon Crawl Stone Soup version 0.28.0 (webtiles) character file.

Game seed: 10018903014266361961

37 HallandMoats the Skirmisher (level 3, 26/26 HPs)
             Began as a Demonspawn Fighter on Feb 8, 2022.
             Was a Follower of Hepliaklqana.
             Got out of the dungeon alive.
             The game lasted 00:00:59 (878 turns).

HallandMoats the Skirmisher (Demonspawn Fighter)     Turns: 878, Time: 00:01:00

Health: 26/26      AC:  6    Str: 16    XL:     3   Next: 23%
Magic:  4/4        EV:  9    Int:  9    God:    Hepliaklqana [*.....]
Gold:   40         SH:  8    Dex: 14    Spells: 2/2 levels left

rFire   . . .      SeeInvis .   a - +0 war axe
rCold   . . .      Faith    .   c - +0 buckler
rNeg    . . .      Spirit   .   b - +0 scale mail
rPois   .          Reflect  .   (no helmet)
rElec   .          Harm     .   (no cloak)
rCorr   .          Rampage  .   (no gloves)
Will    .....                   (no boots)
Stlth   ..........              (no amulet)
HPRegen 0.08/turn               (no ring)
MPRegen 0.09/turn               (no ring)

@: no status effects
A: reduced essence, condensation shield
a: Renounce Religion, Recall Ancestor, Ancestor Identity


You escaped.
You worshipped Hepliaklqana.
Hepliaklqana was aware of your devotion.
You visited 1 branch of the dungeon, and saw 1 of its levels.

You collected 40 gold pieces.

Inventory:

Hand Weapons
 a - a +0 war axe (weapon)
Armour
 b - a +0 scale mail (worn)
 c - a +0 buckler (worn)
Scrolls
 e - a scroll of identify {unknown}
 g - a scroll of vulnerability {unknown}
Potions
 d - a potion of might
 f - a potion of heal wounds {unknown}
 h - a potion of degeneration {unknown}


   Skills:
 * Level 3.2 Fighting
 * Level 2.1 Axes
 + Level 3.0 Armour
 + Level 0.4 Dodging
 + Level 2.8 Shields
 * Level 1.7 Invocations


You had 2 spell levels left.
You didn't know any spells.
Your spell library was empty.

Dungeon Overview and Level Annotations

Branches:
Dungeon (1/15)

Altars:
Hepliaklqana


Innate Abilities, Weirdness & Mutations

Your life essence is reduced to manifest your ancestor. (-10% HP)
A meltable shield of frost defends you. (SH +4)


Message History

You hit the endoplasm.
You kill the endoplasm!
No target in view!
No target in view!
No target in view!
(D) Dungeon
Where to? (Enter - D:1 @ (x,y), ? - help)
What level of the Dungeon? (default 1, ? - help)
A giant cockroach and a rat come into view.
You can't go up here!
You closely miss the giant cockroach.
The giant cockroach bites you but does no damage. x2
Nomusa hits the giant cockroach.
You slash the giant cockroach!
You kill the giant cockroach!
You block the rat's attack.
You barely miss the rat.
Nomusa hits the rat.
You block the rat's attack.
You hit the rat.
You kill the rat!
No target in view!
No target in view!
No target in view!
No target in view!
No target in view!
No target in view!
No target in view!
No target in view!
No target in view!
No target in view!
No target in view!
No target in view!
(D) Dungeon
Where to? (Enter - D:1 @ (x,y), ? - help)
What level of the Dungeon? (default 1, ? - help)
You swap places.
There is a staircase leading out of the dungeon here.
Are you sure you want to leave the Dungeon?
This will make you lose the game!
Alright, then stay!
Are you sure you want to leave the Dungeon?
This will make you lose the game!
You have escaped!

.# #.#
##...########.......#.#.# .#
#.####..#.......#..#####......
.# #.##...##....###...#
###..... ####.#..#####...#
##..# #.###### .....#)## ##.##
##.####.# # ####...# ##..##
#......###### #..## ##.#..###
#.##......... ##..## #.....R.#
#.##.#.###### ##..###.###.@.#
..##.#.# ##.##..#
#...##..##.#.# #....##
##......##.#.# ########....#
#.####.##.#.#
......##....####.# #.##.#..
###########..##..# #.##.#.
##....#####.##.#..##
##..###............ ##.#
#.##.#####.##


You could see the friendly Nomusa the ancestor.

Vanquished Creatures
  2 dart slugs (D:1)
  2 ball pythons (D:1)
  4 endoplasms (D:1)
  3 giant cockroaches (D:1)
  2 goblins (D:1)
  3 hobgoblins (D:1)
  3 jackals (D:1)
  3 quokkas (D:1)
  2 bats (D:1)
  2 frilled lizards (D:1)
  2 rats (D:1)
28 creatures vanquished.

Notes
Turn   | Place    | Note
-------+----------+-------------------------------------------
     0 | D:1      | HallandMoats the Demonspawn Fighter began the quest for the
                  | Orb.
     0 | D:1      | Reached XP level 1. HP: 18/18 MP: 1/1
   155 | D:1      | Gained mutation: A meltable shield of frost defends you.
                  | (SH +4) [demonic ancestry]
   155 | D:1      | Reached XP level 2. HP: 22/24 MP: 2/2
   204 | D:1      | Reached skill level 1 in Invocations
   466 | D:1      | Reached XP level 3. HP: 29/29 MP: 4/4
   482 | D:1      | Found a faded altar of an unknown god.
   765 | D:1      | Prayed at the altar of an unknown god.
   765 | D:1      | Became a worshipper of Hepliaklqana the Forgotten
   765 | D:1      | Reached * piety under Hepliaklqana
   878 | D:$      | Got out of the dungeon alive.

Illustrated notes

Levels and vault maps discovered:
D:1:      dpeg_arrival_arbitrary_b, layout_basic,
          ebering_ecumenical_altar_ruins, serial_glass, glass_columns_a,
          glass_columns_c, glass_columns_a, glass_columns_c, glass_columns_b,
          glass_columns_c

Skill      XL: |  1  2  3 |
---------------+----------+-----
Axes           | 2 |  2.1
Invocations    | 1 |  1.7
Armour         | 3 |  3.0
Fighting       | |  3.2
Dodging        | |  0.4
Shields        | |  2.8

Action                   || total
-------------------------++-------
Melee: War axe           ||    57
Armor: Scale mail        ||    24
Dodge: Dodged            ||    16
Block: Buckler           ||    31
